Map: World of Sleepers LE

Players

Serral - Winner!

  • Race: Zerg Zerg
  • Spawn Location: 1:00

sOs

  • Race: Protoss Protoss
  • Spawn Location: 7:00

Event: IEM Katowice 2020

VOD

Have the link to the VOD?

Description

Time

  • Played on: Feb. 28, 2020, 11:04 a.m.
  • Length: 10:54

All games in this series

Show
View Real Time Build Order
Export as new Build Order

Serral Zerg - Winner!

Build Orders: Hatch First 

Get SALT Encoding   

  12  0:00  Drone  
  13  0:12  Overlord  
  13  0:17  Drone  
  14  0:30  Drone x2  
  16  0:47  Hatchery  
  15  0:51  Drone  
  15  0:54  Drone  
  17  0:58  Drone  
  18  1:08  Extractor  
  17  1:14  Spawning Pool  
  17  1:15  Drone  
  17  1:21  Drone  
  18  1:28  Drone  
  20  1:40  Drone  
  21  1:55  Hatchery  
  21  2:00  Queen  
  21  2:01  Overlord  
  22  2:11  Zergling x2, Extractor  
  23  2:20  Zergling x2, Metabolic Boost  
  24  2:27  Zergling x2  
  25  2:36  Queen  
  27  2:39  Overlord  
  27  2:43  Drone  
  28  2:53  Drone  
  28  3:06  Drone  
  28  3:10  Drone x4  
  28  3:11  Queen  
  35  3:21  Overlord  
  35  3:22  Drone  
  36  3:35  Hatchery  
  36  3:37  Drone  
  36  3:40  Drone  
  37  3:43  Zergling x2  
  37  3:44  Drone  
  37  3:46  Drone  
  40  3:52  Zergling x2  
  41  3:56  Drone x2, Overlord  
  43  4:07  Zergling x2  
  43  4:13  Spore Crawler  
  43  4:16  Drone x2  
  43  4:18  Drone x3  
  43  4:20  Spore Crawler  
  43  4:22  Zergling x2  
  43  4:23  Queen  
  48  4:24  Drone  
  48  4:29  Overlord  
  48  4:30  Drone  
  50  4:32  Extractor  
  50  4:34  Spore Crawler  
  50  4:35  Drone  
  49  4:42  Roach Warren  
  49  4:44  Extractor, Drone  
  48  4:46  Drone  
  48  4:48  Drone  
  50  4:53  Queen  
  50  4:55  Drone  
  50  4:59  Drone  
  55  5:00  Drone  
  55  5:01  Drone  
  55  5:05  Overlord  
  56  5:07  Overlord  
  56  5:13  Overlord  
  56  5:22  Roach  
  56  5:23  Roach x3  
  56  5:28  Roach x2  
  67  5:34  Zergling x6  
  69  5:41  Zergling x8  
  73  5:51  Overlord  
  73  5:54  Lair  
  73  5:55  Drone x3  
  73  5:56  Drone  
  77  6:02  Drone x4  
  81  6:07  Drone, Overlord  
  82  6:12  Drone x3  
  82  6:15  Spore Crawler  
  86  6:18  Roach  
  86  6:20  Roach  
  86  6:25  Overlord  
  87  6:26  Roach  
  87  6:27  Roach  
  87  6:32  Roach x2  
  94  6:37  Roach x3  
  94  6:38  Roach  
  102  6:45  Roach x3  
  108  6:52  Glial Reconstitution  
  107  6:55  Roach x3  
  107  7:10  Roach x4  
  107  7:14  Overlord x2  
  113  7:22  Overlord x2  
  113  7:24  Overlord  
  113  7:27  Overlord  
  113  7:29  Roach x2  
  113  7:33  Roach x6  
  123  7:39  Roach x2  
  127  7:44  Zergling x10  
  127  7:49  Zergling x6  
  127  7:51  Ravager x3  
  134  7:57  Zergling x2  
  135  8:04  Zergling x2, Baneling Nest  
  135  8:05  Zergling x6  
  137  8:07  Ravager x5  
  137  8:12  Zergling x8  
  146  8:13  Evolution Chamber  
  144  8:20  Zergling x10  
  144  8:21  Ravager  
  144  8:22  Ravager  
  147  8:30  Zergling x10  
  144  8:36  Zergling x6  
  144  8:37  Zergling x2, Overseer  
  144  8:40  Zergling x2  
  144  8:43  Zergling x8  
  144  8:47  Overseer, Pneumatized Carapace  
  148  8:51  Extractor  
  148  8:52  Drone x3  
  148  8:53  Extractor  
  149  8:58  Drone x3  
  152  9:03  Centrifical Hooks  
  152  9:08  Zergling x12  
  158  9:17  Overlord x3  
  158  9:22  Baneling  
  158  9:23  Baneling x2  
  156  9:26  Baneling x2  
  156  9:28  Zergling x10  
  161  9:34  Zergling x2  
  160  9:43  Zergling x18  
  169  9:46  Drone  
  169  9:48  Drone  
  171  9:53  Baneling x11  
  171  9:56  Drone x2  
  172  10:07  Hatchery  
  171  10:13  Overlord x2  
  171  10:15  Zergling x6  
  171  10:19  Baneling x4  
  171  10:20  Baneling x4  
  171  10:21  Ravager x2  
  175  10:26  Baneling x4  
  173  10:29  Zergling x8  
  173  10:33  Zergling x2  
  173  10:34  Zergling x6  
  169  10:37  Zergling x2  
Show
View Real Time Build Order
Export as new Build Order

sOs Protoss 

Build Orders: Cannon Rush 

Get SALT Encoding   

  12  0:00  Probe  
  13  0:13  Probe  
  14  0:19  Pylon  
  14  0:25  Probe  
  15  0:37  Probe (Chrono Boost)  
  15  0:39  Forge  
  16  0:46  Probe (Chrono Boost)  
  17  0:51  Probe (Chrono Boost)  
  18  1:03  Probe  
  19  1:09  Pylon  
  19  1:31  Photon Cannon  
  19  1:35  Photon Cannon  
  19  1:36  Photon Cannon  
  19  1:38  Pylon  
  19  1:44  Probe  
  20  1:52  Nexus  
  20  1:58  Gateway  
  20  1:59  Probe  
  21  2:03  Assimilator  
  21  2:06  Pylon  
  20  2:11  Probe  
  20  2:13  Assimilator  
  21  2:23  Photon Cannon  
  21  2:26  Probe  
  22  2:38  Probe  
  23  2:48  Cybernetics Core, Zealot  
  25  2:51  Probe  
  26  3:04  Probe (Chrono Boost)  
  27  3:06  Probe (Chrono Boost)  
  27  3:15  Probe (Chrono Boost)  
  27  3:16  Probe (Chrono Boost)  
  27  3:19  Probe (Chrono Boost)  
  29  3:21  Probe (Chrono Boost)  
  29  3:24  Adept (Chrono Boost)  
  29  3:25  Stargate  
  33  3:30  Warp Gate  
  33  3:32  Probe  
  34  3:34  Probe  
  34  3:40  Pylon  
  35  3:44  Probe  
  35  3:46  Probe  
  37  3:48  Adept  
  39  3:57  Probe  
  39  3:58  Probe  
  41  4:07  Oracle (Chrono Boost)  
  41  4:09  Probe  
  42  4:10  Probe  
  42  4:18  Twilight Council  
  42  4:25  Gateway  
  42  4:28  Probe x2  
  44  4:34  Phoenix (Chrono Boost)  
  46  4:38  Pylon  
  46  4:44  Gateway  
  46  4:45  Gateway  
  46  4:46  Pylon  
  46  4:49  Assimilator  
  46  4:52  Assimilator  
  46  4:53  Resonating Glaives (Chrono Boost)  
  46  4:56  Probe x2  
  46  4:59  Pylon  
  48  5:08  Probe  
  48  5:10  Pylon  
  49  5:18  Adept  
  49  5:20  Adept  
  53  5:21  Probe x2  
  53  5:27  Pylon  
  55  5:43  Probe, Adept x4  
  55  5:44  Probe  
  55  5:45  Robotics Facility  
  65  5:59  Shield Battery  
  65  6:01  Pylon  
  64  6:05  Adept x2  
  64  6:06  Adept x2  
  64  6:09  Photon Cannon  
  72  6:12  Shield Battery  
  72  6:19  Protoss Ground Weapons Level 1  
  72  6:25  Pylon  
  72  6:28  Probe x2  
  72  6:32  Immortal (Chrono Boost)  
  78  6:40  Sentry x2  
  78  6:41  Adept, Sentry  
  83  7:08  Immortal (Chrono Boost)  
  87  7:12  Sentry x2  
  87  7:13  Zealot  
  87  7:14  Blink (Chrono Boost)  
  92  7:17  Pylon  
  92  7:19  Pylon  
  88  7:36  Probe x2  
  86  7:41  Warp Prism (Chrono Boost)  
  88  7:46  Gateway, Sentry  
  88  7:47  Sentry x3  
  88  7:48  Gateway  
  88  7:49  Gateway  
  94  7:52  Gateway  
  94  7:54  Nexus  
  94  8:05  Pylon  
  94  8:15  Observer  
  94  8:18  Photon Cannon  
  94  8:19  Stalker x3  
  101  8:20  Stalker  
  92  8:40  Immortal (Chrono Boost)  
  88  8:46  Stalker x6  
  100  9:05  Nexus  
  100  9:07  Pylon  
  100  9:13  Robotics Bay  
  100  9:26  Adept x4  
  108  9:46  Shield Battery  
  108  9:51  Probe  
  109  9:57  Colossus (Chrono Boost)  
  115  10:08  Probe x2, Assimilator  
  115  10:13  Assimilator  
  117  10:19  Photon Cannon  
  117  10:21  Probe x3  
  119  10:28  Stalker x4  

Tags
 
Add a new tag
Caveats
  • Supply blocks, unpowered buildings, or Contaminate may cause inaccurate times.
  • Supply counts are checked every 10 seconds.